 Dungeon Crawl Stone Soup version 0.27.0-1-g7a089689b8 (console) character file.

Game seed: 452357415552964523

543 jejorda2 the Covered (level 7, -1/58 HPs)
             Began as a Barachi Artificer on Aug 8, 2021.
             Was an Initiate of Trog.
             Slain by a kobold (2 damage)
             ... on level 4 of the Dungeon.
             The game lasted 00:16:50 (4972 turns).

jejorda2 the Covered (Barachi Artificer)            Turns: 4972, Time: 00:16:52

Health: -1/58      AC: 11    Str: 15    XL:     7   Next: 27%
Magic:  7/7        EV:  7    Int: 12    God:    Trog [......]
Gold:   57         SH:  0    Dex: 12    Spells: 6/6 levels left

rFire    . . .     SeeInvis .   u - +0 morningstar
rCold    . . .     Faith    .   (no shield)
rNeg     + . .     Spirit   .   f - +1 chain mail
rPois    .         Reflect  .   (no helmet)
rElec    .         Harm     .   (no cloak)
rCorr    .         Rampage  .   (no gloves)
Will     .....                  (no boots)
Stlth    ..........             (no amulet)
HPRegen  0.19/turn              h - ring of positive energy
MPRegen  0.10/turn              (no ring)

@: lethally poisoned (-1 -> -4), very slightly contaminated, slowed, invisible,
very slow
A: amphibious, slowness 1, strong legs 1, +LOS
a: Hop, Renounce Religion


You were on level 4 of the Dungeon.
You worshipped Trog.
Trog was noncommittal.
You visited 1 branch of the dungeon, and saw 4 of its levels.

You collected 173 gold pieces.
You spent 116 gold pieces at shops.

Inventory:

Hand Weapons
 u - a +0 morningstar (weapon)
Missiles
 r - 28 poisoned darts
 s - 7 boomerangs
Armour
 f - a +1 chain mail (worn)
Jewellery
 h - a ring of positive energy (left hand)
Wands
 c - a wand of flame (5) (quivered)
 d - a wand of charming (13)
Scrolls
 g - a scroll of enchant weapon
 k - 3 scrolls of fog
 m - 4 scrolls of identify
 n - 2 scrolls of magic mapping
 q - 3 scrolls of teleportation
Potions
 b - a potion of invisibility
 j - a potion of curing {unknown}
 p - a potion of haste {unknown}
 t - a potion of attraction
Miscellaneous
 e - a piece from Xom's chessboard (15/15)


   Skills:
 - Level 6.0 Fighting
 * Level 2.9 Maces & Flails
 - Level 6.1 Armour
 - Level 1.1 Dodging
 - Level 0.8 Stealth
 - Level 3.2 Evocations


You had 6 spell levels left.
You didn't know any spells.
Your spell library was empty.

Dungeon Overview and Level Annotations

Branches:
Dungeon (4/15)
 Temple: D:4-7

Altars:
Trog
Zin

Shops:
D:2 ([=*:   D:3 (

Annotations:
D:3 3 runed translucent doors, RBrandon's ghost, amateur TeWr


Innate Abilities, Weirdness & Mutations

You are amphibious.
You cover ground slowly.
You can hop short distances.
You have an extended range of vision and can be seen from far away.


Message History

You feel very sick.
The kobold brigand throws a curare-tipped dart.
The curare-tipped dart hits you.
You are more poisoned.
You have difficulty breathing.
You feel as though you will be slow longer.
You feel extremely sick.
The kobold brigand hits you with a +0 dagger.
A kobold comes into view.
The kobold brigand hits you with a +0 dagger.
* * * LOW HITPOINT WARNING * * *
* * * LOW HITPOINT WARNING * * *
You feel very sick.
The kobold shouts!
The kobold brigand barely misses you. The kobold hits you but does no damage.
The kobold brigand barely misses you. The kobold hits you with a +0 club.
* * * LOW HITPOINT WARNING * * *
You closely miss the kobold brigand.
* * * LOW HITPOINT WARNING * * *
You feel very sick. The kobold brigand closely misses you.
The kobold hits you but does no damage.
A hobgoblin comes into view.
The kobold brigand completely misses you.
The kobold hits you but does no damage.
It was a potion of invisibility.
You fade into invisibility!
* * * LOW HITPOINT WARNING * * *
You feel sick.
The hobgoblin shouts!
The kobold brigand hits you with a +0 dagger.
* * * LOW HITPOINT WARNING * * *
The kobold closely misses you.
You are very lightly contaminated with residual magic.
You puncture the kobold brigand!
The kobold brigand is moderately wounded.
* * * LOW HITPOINT WARNING * * *
You feel sick.
The kobold brigand hits you but does no damage.
The kobold hits you with a +0 club.
You die...

########..K.#########....,,,,,,,,
,,,,,,,#....#,,,,,,,+,,..,,,,,,,,
,,,,,,,#....#,,,,,,,*,,,,,,,,,,,,
#########'g######################
≈≈≈≈≈≈≈......≈≈≈≈≈≈≈≈≈≈≈≈≈≈≈≈≈≈≈≈
≈≈≈≈≈≈≈......≈≈≈≈≈≈≈))≈≈≈≈≈≈≈≈≈≈≈
≈≈≈≈†≈≈≈....≈≈≈≈≈≈≈≈(≈≈≈≈≈≈≈≈≈≈≈≈
≈≈≈.≈≈≈.....≈≈K≈K..))≈≈≈≈≈≈≈≈≈≈.≈
...............K@................
.................................
######.######..#######........###
#.# ##.# #####...## # #.# #.# ###
##'## # #.# #.####.## #.# # #.#
#.......# #.# # #.#
######.#######.## # #.#
#........##...## #


You could see a kobold brigand, a hobgoblin and 2 kobolds.

Vanquished Creatures
  Sigmund (D:3)
  A howler monkey (D:4)
  A kobold brigand (D:4)
  A bullfrog skeleton (D:4)
  An iguana (D:3)
  A gnoll (D:4)
  3 adders
  A worm (D:2)
  8 ball pythons
  7 endoplasms
  7 giant cockroaches
  4 goblins
  6 hobgoblins
  2 jackals (D:1)
  4 quokkas
  4 bats
  4 frilled lizards
  18 kobolds
  5 rats
79 creatures vanquished.

Vanquished Creatures (collateral kills)
  A necrophage (D:4)
  A gnoll (D:4)
  3 kobolds (D:4)
5 creatures vanquished.

Grand Total: 84 creatures vanquished

Notes
Turn   | Place    | Note
-------+----------+-------------------------------------------
     0 | D:1      | jejorda2 the Barachi Artificer began the quest for the Orb.
     0 | D:1      | Reached XP level 1. HP: 15/15 MP: 1/1
   235 | D:1      | Reached XP level 2. HP: 21/22 MP: 2/2
  1254 | D:1      | Reached XP level 3. HP: 25/28 MP: 3/3
  1381 | D:2      | Found Georaf's Jewellery Shoppe.
  1939 | D:2      | Found Orapn's Antique Weapon Shoppe.
  1974 | D:2      | Found Qan Woza's Antique Armour Shop.
  2029 | D:2      | Reached XP level 4. HP: 28/35 MP: 4/4
  2092 | D:2      | Found Dugoamad's General Store.
  2102 | D:2      | Bought a scroll of identify for 24 gold pieces
  2102 | D:2      | Bought a scroll of teleportation for 36 gold pieces
  2148 | D:2      | Found Baqeq's Book Shop.
  2450 | D:3      | Found Beistriewn's Weapon Boutique.
  2609 | D:3      | Found a bloodstained altar of Trog.
  2682 | D:3      | Found a faded altar of an unknown god.
  2713 | D:3      | Noticed Sigmund
  2738 | D:3      | Killed Sigmund
  2739 | D:3      | Reached skill level 5 in Armour
  2739 | D:3      | Reached XP level 5. HP: 38/43 MP: 5/5
  2739 | D:3      | Reached XP level 6. HP: 45/50 MP: 6/6
  3010 | D:3      | Reached skill level 5 in Fighting
  3011 | D:3      | Found a glowing silver altar of Zin.
  3146 | D:3      | Found a runed translucent gate.
  3146 | D:3      | Found a runed translucent gate.
  3152 | D:3      | Noticed RBrandon's ghost (amateur TeWr)
  3167 | D:3      | Found a runed translucent gate.
  3619 | D:3      | Became a worshipper of Trog the Wrathful
  4490 | D:3      | Bought a +0 morningstar for 56 gold pieces
  4822 | D:4      | Noticed a necrophage
  4867 | D:4      | Killed a necrophage
  4868 | D:4      | Reached skill level 1 in Maces & Flails
  4868 | D:4      | Reached XP level 7. HP: 37/57 MP: 7/7
  4971 | D:4      | HP: 2/58 [kobold brigand (2)]
  4972 | D:4      | Slain by a kobold

Illustrated notes

Levels and vault maps discovered:
D:1:      dpeg_arrival_central, layout_basic
D:2:      layout_rooms, serial_shops, shop, shop, nicolae_shop_stone, shop, shop
D:3:      layout_loops_ring, bloody_trog, nicolae_overflow_hidden_temple,
          gammafunk_ghost_split, serial_shops, shop,
          shapermc_ecumenical_altar_venn, minivault_5, uniq_sigmund
D:4:      minmay_goblin_kobold_castle, layout_loops_corners

Skill      XL: |  1  2  3  4  5  6  7 |
---------------+----------------------+-----
Fighting       | 2 3 4 5 6 |  6.0
Armour         | 3 5 6 |  6.1
Maces & Flails | 1 2 |  2.9
Dodging        | |  1.1
Stealth        | |  0.8
Evocations     | |  3.2

Action                   |  1- 3 |  4- 6 |  7- 9 || total
-------------------------+-------+-------+-------++-------
Melee: Club              |    68 |       |       ||    68
       Dagger            |    88 |       |       ||    88
       Mace              |    46 |   147 |       ||   193
       Morningstar       |       |    28 |    32 ||    60
Evoke: Wand              |     2 |    10 |       ||    12
       Piece from Xom's  |       |     2 |       ||     2
  Use: Potion            |       |     2 |     1 ||     3
       Scroll            |       |     9 |       ||     9
Armor: Chain mail        |   151 |   171 |    17 ||   339
       Skin              |       |     6 |       ||     6
Dodge: Dodged            |    90 |   110 |    11 ||   211
